 Dungeon Crawl Stone Soup version 0.29.0-15-g675c0067aa (webtiles) character file.

Game seed: 531768034982427405

181 qw the Sneak (level 5, -1/32 HPs)
             Began as a Gargoyle Delver on Sept 11, 2022.
             Slain by Sigmund
             ... wielding a +0 scythe
              (3 damage)
             ... on level 2 of the Dungeon.
             The game lasted 00:01:13 (3058 turns).

qw the Sneak (Gargoyle Delver)                      Turns: 3058, Time: 00:01:14

Health: -1/32      AC:  7    Str: 17    XL:     5   Next: 61%
Magic:  0/5        EV: 11    Int: 11    God:
Gold:   64         SH:  0    Dex: 11    Spells: 4/4 levels left

rFire   . . .      SeeInvis .   Y - +0 hand axe (freeze)
rCold   . . .      Faith    .   (no shield)
rNeg    + . .      Spirit   +   b - +0 leather armour
rPois   inf        Reflect  .   (no helmet)
rElec   +          Harm     .   (no cloak)
rCorr   .          Rampage  .   (no gloves)
Will    .....                   (no boots)
Stlth   +++.......              h - amulet of guardian spirit
HPRegen 0.10/turn               k - +4 ring of slaying {mikee}
MPRegen 0.09/turn               (no ring)

@: no status effects
A: sickness immunity, AC +4, negative energy resistance 1, electricity
resistance, torment resistance 1, petrification resistance
a: no special abilities


You were on level 2 of the Dungeon.
You visited 1 branch of the dungeon, and saw 5 of its levels.

You collected 64 gold pieces.


Innate Abilities, Weirdness & Mutations

You are immune to sickness and miasma.
Your stone body is resilient. (AC +4)
You are immune to poison.
You resist negative energy. (rN+)
You are resistant to electric shocks. (rElec)
You are resistant to unholy torment.
You are immune to petrification.


   Skills:
 + Level 3.5 Fighting
 - Level 5.0 Axes
 - Level 1.5 Dodging
 - Level 5.4 Stealth


You had 4 spell levels left.
You didn't know any spells.
Your spell library was empty.

Inventory:

Hand Weapons
 e - a +0 whip
 Y - a +0 hand axe of freezing (weapon)
Armour
 b - a +0 leather armour (worn)
Jewellery
 a - a ring of protection from cold
 h - an amulet of guardian spirit (around neck)
 k - a +4 ring of slaying (left hand) {mikee}
 m - a ring of fire
Wands
 g - a wand of digging (3)
Scrolls
 i - 2 scrolls of identify
 l - a scroll of teleportation
Potions
 c - a potion of experience {unknown}
 d - a potion of heal wounds
 f - a potion of haste
 j - a potion of curing {unknown}

Dungeon Overview and Level Annotations

Branches:
Dungeon (5/15)
 Temple: D:4-7

Altars:
Sif Muna

Annotations:
D:2 Sigmund


Message History

An adder comes into view.
3042 ||| Stepping ~*~*~tactically~*~*~ (stealth).
Something hits you.
3043 ||| Stepping ~*~*~tactically~*~*~ (stealth).
Found a scroll of identify.
You hit something. You freeze something. Something hits you.
You miss something. Something hits you.
You barely miss something. You closely miss something. Something hits you.
You miss something. Something hits you but does no damage.
3049 ||| Stepping ~*~*~tactically~*~*~ (stealth).
The adder hisses angrily.
You hit something. You freeze something. Something hits you.
The adder bites you but does no damage.
You barely miss the adder. The adder bites you.
Something hits you but does no damage.
You closely miss the adder.
The adder bites you but does no damage. x2
You hear some strange, mumbled words.
A puff of flame appears from out of thin air!
The puff of flame hits you.
You completely miss the adder. The adder bites you but does no damage.
You hear some strange, mumbled words.
Something tries to affect you, but you resist.
You closely miss the adder. The adder bites you but does no damage.
Something hits you.
You barely miss the adder. The adder barely misses you. x2
You slash the adder! You freeze the adder.
You kill the adder!
Something hits you!
You swing at nothing.
Something hits you.
You die...

#.. #........# . #..
##.####..#### .. #.. #..#
#.....###
...#..####.###..##....
.....................
#................#. .
..##...{........##.. .
#.#..........#.# .
...#.##@.....##.#..
########.....##%#....#.##....
.............#.#.#..#.#.#....
..............#.##..##.#....
........#.....S# ....##....
...%....#..?... ..........
..>.....+... ......
............ .##. ########..


There were no monsters in sight!

Vanquished Creatures
  An ogre (D:4)
  5 adders (D:2)
  A worm (D:1)
  A dart slug (D:2)
  5 endoplasms
  3 giant cockroaches
  A goblin (D:1)
  9 hobgoblins
  3 jackals
  4 quokkas
  5 ball pythons
  3 bats
  4 frilled lizards (D:1)
  4 kobolds
  4 rats (D:1)
53 creatures vanquished.

Notes
Turn   | Place    | Note
-------+----------+-------------------------------------------
     0 | D:5      | qw the Gargoyle Delver began the quest for the Orb.
     0 | D:5      | Reached XP level 1. HP: 14/14 MP: 1/1
     0 | D:5      | 0 ||| qw: Version: 0.1-a-118-gb4e7ce6
     0 | D:5      | 0 ||| qw: Game counter: 10614
     0 | D:5      | 0 ||| qw: Always use a shield: true
     0 | D:5      | 0 ||| qw: God list: Okawaru
     0 | D:5      | 0 ||| qw: Allow faded altars: false
     0 | D:5      | 0 ||| qw: Do Orc after D:15 true
     0 | D:5      | 0 ||| qw: Do second Lair branch before Depths: true
     0 | D:5      | 0 ||| qw: Lair rune preference: random
     0 | D:5      | 0 ||| qw: Plans: Normal
     0 | D:5      | 0 ||| PLANNING D:1-11
   131 | D:5      | 131 ||| Stepping ~*~*~tactically~*~*~ (hiding).
   252 | D:5      | 252 ||| READING scroll labelled UTYCATSYAL.
   253 | D:5      | 253 ||| DROPPING scroll of fog.
   254 | D:5      | 254 ||| DROPPING scroll of magic mapping.
   255 | D:5      | 255 ||| DROPPING scroll of fear.
   422 | D:4      | Noticed an ogre
   436 | D:4      | Killed an ogre
   437 | D:4      | Reached XP level 2. HP: 17/19 MP: 2/2
   437 | D:4      | Reached XP level 3. HP: 20/23 MP: 3/3
   437 | D:4      | Reached XP level 4. HP: 25/28 MP: 4/4
   778 | D:1      | 778 ||| Stepping ~*~*~tactically~*~*~ (stealth).
   790 | D:1      | 790 ||| Stepping ~*~*~tactically~*~*~ (stealth).
   791 | D:1      | 791 ||| Stepping ~*~*~tactically~*~*~ (stealth).
   792 | D:1      | 792 ||| Stepping ~*~*~tactically~*~*~ (stealth).
   794 | D:1      | 794 ||| Stepping ~*~*~tactically~*~*~ (stealth).
   818 | D:1      | Found a faded altar of an unknown god.
   979 | D:1      | 979 ||| Stepping ~*~*~tactically~*~*~ (stealth).
  1004 | D:1      | Reached XP level 5. HP: 32/32 MP: 5/5
  1113 | D:1      | 1113 ||| Stepping ~*~*~tactically~*~*~ (stealth).
  1115 | D:1      | 1115 ||| Stepping ~*~*~tactically~*~*~ (stealth).
  1870 | D:1      | 1870 ||| UPGRADING to amulet of guardian spirit.
  1875 | D:1      | 1875 ||| UPGRADING to +4 ring of slaying {mikee}.
  1876 | D:1      | 1876 ||| READING scroll labelled RYRHOA CAOROA.
  1880 | D:1      | 1880 ||| READING scroll labelled LEEXOI YKAFOKLI.
  1881 | D:1      | 1881 ||| READING scroll labelled MEEPOQ YPPIJO.
  1882 | D:1      | 1882 ||| DRINKING 2 murky brown potions.
  1919 | D:2      | 1919 ||| STAIRDANCE
  2016 | D:2      | Found a shimmering blue altar of Sif Muna.
  2145 | D:2      | 2145 ||| Stepping ~*~*~tactically~*~*~ (stealth).
  2149 | D:2      | 2149 ||| Stepping ~*~*~tactically~*~*~ (stealth).
  2151 | D:2      | 2151 ||| Stepping ~*~*~tactically~*~*~ (stealth).
  2153 | D:2      | 2153 ||| Stepping ~*~*~tactically~*~*~ (stealth).
  2154 | D:2      | 2154 ||| Stepping ~*~*~tactically~*~*~ (stealth).
  2155 | D:2      | 2155 ||| Stepping ~*~*~tactically~*~*~ (stealth).
  2158 | D:2      | 2158 ||| Stepping ~*~*~tactically~*~*~ (stealth).
  2159 | D:2      | 2159 ||| Stepping ~*~*~tactically~*~*~ (stealth).
  2160 | D:2      | 2160 ||| Stepping ~*~*~tactically~*~*~ (stealth).
  2182 | D:2      | 2182 ||| Stepping ~*~*~tactically~*~*~ (hiding).
  2284 | D:2      | 2284 ||| Stepping ~*~*~tactically~*~*~ (hiding).
  2386 | D:2      | 2386 ||| Stepping ~*~*~tactically~*~*~ (hiding).
  2488 | D:2      | 2488 ||| Stepping ~*~*~tactically~*~*~ (hiding).
  2590 | D:2      | 2590 ||| Stepping ~*~*~tactically~*~*~ (hiding).
  2692 | D:2      | 2692 ||| Stepping ~*~*~tactically~*~*~ (hiding).
  2794 | D:2      | 2794 ||| Stepping ~*~*~tactically~*~*~ (hiding).
  2896 | D:2      | 2896 ||| Stepping ~*~*~tactically~*~*~ (hiding).
  3029 | D:2      | Noticed Sigmund
  3030 | D:2      | 3030 ||| Stepping ~*~*~tactically~*~*~ (hiding).
  3031 | D:2      | 3031 ||| Stepping ~*~*~tactically~*~*~ (hiding).
  3032 | D:2      | 3032 ||| Stepping ~*~*~tactically~*~*~ (hiding).
  3033 | D:2      | 3033 ||| Stepping ~*~*~tactically~*~*~ (hiding).
  3034 | D:2      | 3034 ||| Stepping ~*~*~tactically~*~*~ (hiding).
  3035 | D:2      | 3035 ||| Stepping ~*~*~tactically~*~*~ (hiding).
  3042 | D:2      | 3042 ||| Stepping ~*~*~tactically~*~*~ (stealth).
  3043 | D:2      | 3043 ||| Stepping ~*~*~tactically~*~*~ (stealth).
  3049 | D:2      | 3049 ||| Stepping ~*~*~tactically~*~*~ (stealth).
  3057 | D:2      | HP: 2/32 [something (8)]
  3058 | D:2      | Slain by Sigmund

Levels and vault maps discovered:
D:1:      shiori_arrival_elements, layout_basic,
          hellmonk_ecumenical_altar_dog_temple
D:2:      layout_basic, basic_altar, minmay_liquid_box,
          minmay_misc_feat_secret_circle, uniq_sigmund
D:3:      layout_loops_corners, nicolae_eternal_life, uniq_natasha, uniq_ijyb,
          uniq_robin
D:4:      layout_basic, serial_shops, kennysheep_mini
D:5:      layout_cave_pods, general_overflow_altar, tgw_xom, serial_bayou,
          serial_bayou_shore_a, serial_bayou_shore_b, serial_bayou_pond_d,
          serial_bayou_pond_c, chequers_jeans

Skill      XL: |  1  2  3  4  5 |
---------------+----------------+-----
Axes           | 4 5 |  5.0
Fighting       | |  3.5
Dodging        | |  1.5
Stealth        | |  5.4

Action                   |  1- 3 |  4- 6 || total
-------------------------+-------+-------++-------
Melee: Hand axe          |    15 |   134 ||   149
       Punch             |       |     1 ||     1
  Use: Scroll            |     1 |     3 ||     4
       Potion            |       |     1 ||     1
 Stab: Sleeping          |       |     4 ||     4
Armor: Leather armour    |     3 |    39 ||    42
Dodge: Dodged            |    10 |    75 ||    85

Table legend:
 A = Non-vault XP
 B = Vault XP
 C = Vault XP percentage of total XP
 D = Non-vault monster count
 E = Vault monster count
 F = Vault count percentage of total count
                 A         B        C        D         E       F
            +---------+---------+-------+---------+---------+-------
      Total |     255 |       4 |   1.5 |      51 |       2 |   3.8
            +---------+---------+-------+---------+---------+-------
        D:1 |      53 |       4 |   7.0 |      32 |       2 |   5.9
        D:2 |      84 |       0 |   0.0 |      13 |       0 |   0.0
        D:3 |       4 |       0 |   0.0 |       2 |       0 |   0.0
        D:4 |     112 |       0 |   0.0 |       3 |       0 |   0.0
        D:5 |       2 |       0 |   0.0 |       1 |       0 |   0.0
            +---------+---------+-------+---------+---------+-------
